 Dungeon Sprint DCSS version 0.32-a0-932-g546787307d (webtiles) character file.

Game seed: 1911454982723961614

16 Conn the Sneak (level 2, -17/27 HPs)
             Began as an Octopode Fire Elementalist on Apr 14, 2024.
             Was a Believer of Sif Muna.
             Demolished by a warg (21 damage)
             ... in the Dungeon (Sprint VII: "The Pits").
             The game lasted 00:02:24 (165 turns).

Conn the Sneak (Octopode Fire Elementalist)          Turns: 165, Time: 00:02:27

Health: -17/27     AC:  1    Str:  7    XL:     2   Next: 58%
Magic:  2/6        EV: 12    Int: 17    God:    Sif Muna [**....]
Gold:   0          SH:  0    Dex: 12    Spells: 4/7 levels left

rFire   . . .        g - +2 falchion
rCold   . . .        (no shield)
rNeg    . . .        (helmet restricted)
rPois   .            (no amulet)
rElec   .            (no ring)
rCorr   .            (no ring)
SInv    .            (no ring)
Will    .....        (no ring) Stlth
                     (no ring)
HPRegen 0.24/turn    (no ring)
MPRegen 0.10/turn    (no ring)
                     (no ring)

%: no teleportation
@: berserking (expiring), hasted, very quick
A: almost no armour, amphibious, 8 rings, camouflage 1, gelatinous body 1,
(nimble swimmer 1), tentacles
a: Renounce Religion, Channel Magic


You were in the Dungeon.
You worshipped Sif Muna.
Sif Muna was pleased with you.
You visited 1 branch

Inventory:

Hand Weapons
 g - a +2 falchion (weapon)
Scrolls
 f - a scroll of blinking
 i - 2 scrolls of vulnerability
 j - 5 scrolls of amnesia
 k - a scroll of summoning
Potions
 a - 5 potions of magic
 b - a potion of curing
 c - a potion of heal wounds
 e - 2 potions of berserk rage
 h - 2 potions of invisibility


   Skills:
 + Level 1.3 Fighting
 + Level 2.5 Dodging
 + Level 3.6 Stealth
 * Level 3.0 Spellcasting
 * Level 2.6 Conjurations
 + Level 3.4 Fire Magic


You had 4 spell levels left.
You knew the following spells:

 Your Spells              Type           Power      Damage    Failure   Level
a - Foxfire               Conj/Fire      48%        2x1d6     4%          1
b - Scorch                Fire           28%        2d6       6%          2

Your spell library contained the following spells:

 Spells                   Type           Power      Damage    Failure   Level
 Inner Flame              Hex/Fire       8%         N/A       26%         3
 Volatile Blastmotes      Fire/Tloc      16%        2d11      26%         3
 Flame Wave               Conj/Fire      12%        2d6       45%         4


Dungeon Overview and Level Annotations

Branches:
Dungeon (1/1)

Altars:
Ashenzari
Cheibriados
Dithmenos
Elyvilon
Fedhas
Gozag
Hepliaklqana
Kikubaaqudgha
Makhleb
Nemelex Xobeh
Okawaru
Qazlal
Ru
Sif Muna
Trog
Uskayaw
Vehumet
Wu Jian
Xom
Yredelemnul
Zin
The Shining One
Beogh
Jiyva
Lugonu


Innate Abilities, Weirdness & Mutations

You cannot wear most types of armour.
You are amphibious.
You can wear up to eight rings at the same time.
Your skin changes colour to match your surroundings (Stealth+).
Your rubbery body absorbs attacks. (AC +1, EV +1)
((You are camouflaged when in or above water. (Stealth+)))
You have tentacles for arms and can constrict up to eight enemies at once.


Message History

Your Spellcasting skill increases to level 3!
You feel yourself speed up.
A red film seems to cover your vision as you go berserk!
You feel yourself moving faster!
You feel mighty! The warg barely misses you.
You slash the warg!
The warg is moderately wounded.
The warg closely misses you. The warg barely misses you.
You miss the warg. You squeeze the warg.
The warg is moderately wounded.
The warg closely misses you.
You barely miss the warg. You squeeze the warg.
The warg is heavily wounded.
The warg closely misses you.
You barely miss the warg. Your squeeze misses the warg.
The warg is heavily wounded.
The warg closely misses you.
You slash the warg! Your squeeze misses the warg.
The warg is almost dead.
The warg misses you.
You closely miss the warg.
The warg is almost dead.
The warg closely misses you. The warg barely misses you.
You closely miss the warg.
The warg is almost dead.
The warg closely misses you.
You closely miss the warg. Your squeeze misses the warg.
The warg is almost dead.
The warg bites you!!
Ouch! That really hurt!
* * * LOW HITPOINT WARNING * * *
You closely miss the warg.
The warg is almost dead.
The warg closely misses you.
You hit the warg but do no damage.
The warg is almost dead.
The warg bites you.
* * * LOW HITPOINT WARNING * * *
The warg bites you!!
Ouch! That really hurt!
You die...

#+#####'#####......#.
#.....# #........
#.....# ####'####
###'### #.......#
#...†.# #.......#
#.....# #.......#
####'##+###...<...#
#........##.......#
#†@h.†...##.......#
###########.......#
#########


You could see a warg.

Vanquished Creatures
  A river rat (D)
  2 endoplasms (D)
  A quokka (D)
  2 ball pythons (D)
  A ball python skeleton (D)
  A frilled lizard (D)
8 creatures vanquished.

Vanquished Creatures (others)
  13 foxfires (D)
13 creatures vanquished.

Grand Total: 21 creatures vanquished

Notes
Turn   | Place    | Note
-------+----------+-------------------------------------------
     0 | D        | Conn the Octopode Fire Elementalist began the quest for the
                  | Orb.
     0 | D        | Reached XP level 1. HP: 11/11 MP: 3/3
    35 | D        | Reached skill level 1 in Fighting
    35 | D        | Reached XP level 2. HP: 15/18 MP: 0/5
    81 | D        | Found a glowing golden altar of the Shining One.
    81 | D        | Found a glowing silver altar of Zin.
    81 | D        | Found a basalt altar of Yredelemnul.
    81 | D        | Found a shimmering altar of Xom.
    81 | D        | Found an ornate altar of the Wu Jian Council.
    81 | D        | Found a bloodstained altar of Trog.
    81 | D        | Found a shimmering blue altar of Sif Muna.
    81 | D        | Found a sacrificial altar of Ru.
    81 | D        | Found a stormy altar of Qazlal.
    81 | D        | Found an iron altar of Okawaru.
    81 | D        | Found a sparkling altar of Nemelex Xobeh.
    81 | D        | Found a burning altar of Makhleb.
    81 | D        | Found a viscous altar of Jiyva.
    81 | D        | Found a hazy altar of Hepliaklqana.
    81 | D        | Found an opulent altar of Gozag.
    81 | D        | Found a blossoming altar of Fedhas.
    81 | D        | Found a white marble altar of Elyvilon.
    81 | D        | Found a shadowy altar of Dithmenos.
    81 | D        | Found a snail-covered altar of Cheibriados.
    82 | D        | Found a radiant altar of Vehumet.
    82 | D        | Found a corrupted altar of Lugonu.
    82 | D        | Found a roughly hewn altar of Beogh.
    83 | D        | Found an ancient bone altar of Kikubaaqudgha.
    83 | D        | Found a hide-covered altar of Uskayaw.
    83 | D        | Found a broken altar of Ashenzari.
    84 | D        | Became a worshipper of Sif Muna the Loreminder
   108 | D        | Learned a level 2 spell: Scorch
   110 | D        | Reached * piety under Sif Muna
   118 | D        | Noticed a warg
   137 | D        | Reached ** piety under Sif Muna
   165 | D        | Demolished by a warg

Illustrated notes

Levels and vault maps discovered:
D:        pitsprint [storerooms_1, entrance_room_1, metal_vault_3, armoury_1,
          mini_pit_1, grid_room_1, main_hall_1, silver_pit, the_coven_3,
          the_vestibule_1, steel_vault_2, golden_pit, hallway_of_sentries,
          crystal_vault_4, iron_vault_5, final_vault]

Skill      XL: |  1  2 |
---------------+-------+-----
Fighting       | 1 |  1.3
Stealth        | 3 |  3.6
Conjurations   | 2 |  2.6
Spellcasting   | 3 |  3.0
Dodging        | |  2.5
Fire Magic     | |  3.4

Action                     || total
---------------------------++-------
  Melee: Unarmed           ||     2
         Tentacles         ||     3
         Constrict         ||     1
         Falchion          ||    15
   Cast: Foxfire           ||     7
         Scorch            ||     1
    Use: Potion            ||     2
   Stab: Sleeping          ||     3
 Armour: Skin              ||     4
  Dodge: Dodged            ||    14

Table legend: (Time is in decaauts)
 A = Elapsed time spent in this place.
 B = Non-inter-level travel time spent in this place.
 C = Inter-level travel time spent in this place.
 D = Time resting spent in this place.
 E = Time spent auto-exploring this place.
 F = Levels seen in this place.
 G = Mean time per level.
                   A        B        C        D        E       F      G
               +--------+--------+--------+--------+--------+-----+--------+
         Total |    164 |    164 |      0 |     12 |      0 |   1 |  164.0 |
       Dungeon |    164 |    164 |      0 |     12 |      0 |   1 |  164.0 |
               +--------+--------+--------+--------+--------+-----+--------+

Top non-repeatable levels by time:
       D: 164 daAuts
